 Dungeon Crawl Stone Soup version 0.29-a0-1008-g949cc1d0fb (webtiles) character file.

Game seed: 4530489939550781199

130 porpoise the Firebug (level 4, -2/33 HPs)
             Began as a Draconian Fire Elementalist on Aug 8, 2022.
             Killed by nerve-wracking pain
             ... invoked by an orc priest
              (9 damage)
             ... on level 3 of the Dungeon.
             The game lasted 00:12:05 (2137 turns).

porpoise the Firebug (Draconian Fire Elementalist)  Turns: 2137, Time: 00:12:06

Health: -2/33      AC:  6    Str: 10    XL:     4   Next: 90%
Magic:  0/8        EV: 12    Int: 18    God:
Gold:   70         SH:  0    Dex: 11    Spells: 3/9 levels left

rFire   . . .      SeeInvis .   a - +1 short sword (speed)
rCold   . . .      Faith    .   (no shield)
rNeg    . . .      Spirit   .   (body armour unavailable)
rPois   .          Reflect  .   (helmet restricted)
rElec   .          Harm     .   p - +0 cloak
rCorr   .          Rampage  .   (no gloves)
Will    .....                   (no boots)
Stlth   ++........              h - amulet of regeneration
HPRegen 0.91/turn               (no ring)
MPRegen 0.11/turn               (no ring)

@: no status effects
A: AC +5, unfitting armour, cold-blooded
a: no special abilities


You were on level 3 of the Dungeon.
You visited 1 branch of the dungeon, and saw 3 of its levels.

You collected 70 gold pieces.

Inventory:

Hand Weapons
 a - a +1 short sword of speed (weapon)
 b - a +0 sling
 c - a +2 dagger of holy wrath
 j - a +0 short sword
Missiles
 k - 6 javelins
Armour
 p - a +0 cloak (worn)
Jewellery
 h - an amulet of regeneration (around neck)
Scrolls
 d - a scroll of teleportation {unknown}
 e - a scroll of butterflies {unknown}
 f - a scroll of magic mapping
 o - a scroll of summoning {unknown}
Potions
 g - 3 potions of curing
 i - a potion of magic
 l - a potion of berserk rage
 m - a potion of flight
 n - a potion of attraction {unknown}
 q - a potion of heal wounds {unknown}


   Skills:
 - Level 1.7 Dodging
 - Level 1.7 Stealth
 + Level 3.1 Spellcasting
 + Level 2.8 Conjurations
 + Level 4.0 Fire Magic


You had 3 spell levels left.
You knew the following spells:

 Your Spells              Type           Power      Damage    Failure   Level
a - Foxfire               Conj/Fire      60%        2x1d7     4%          1
b - Scorch                Fire           34%        2d6       4%          2
c - Conjure Flame         Conj/Fire      15%        6-21      12%         3

Your spell library contained the following spells:

 Spells                   Type           Power      Damage    Failure   Level
 Inner Flame              Hex/Fire       10%        N/A       22%         3
 Blink                    Tloc           4%         N/A       24%         2
 Lesser Beckoning         Tloc           2%         N/A       43%         3
 Flame Wave               Conj/Fire      15%        2d7       36%         4
 Airstrike                Air            1%         2d(1-17)  85%         4
 Summon Lightning Spire   Summ/Air       2%         N/A       85%         4
 Lightning Bolt           Conj/Air       3%         1d15      94%         5
 Manifold Assault         Tloc           2%         N/A       99%         5


Dungeon Overview and Level Annotations

Branches:
Dungeon (3/15)

Altars:


Innate Abilities, Weirdness & Mutations

Your plain brown scales are hard. (AC +5)
You cannot fit into any form of body armour.
You are cold-blooded and may be slowed by cold attacks.


Message History

You hit the orc wizard but do no damage.
Your tail-slap misses the orc wizard.
The orc wizard is heavily wounded.
The orc wizard hits you with a +0 dagger.
You hit the orc wizard.
The orc wizard is severely wounded.
The orc wizard is no longer more vulnerable to fire.
You hit the orc wizard.
You kill the orc wizard!
The orc priest completely misses you.
Your Fire Magic skill increases to level 4!
You hit the orc priest but do no damage.
The orc priest hits you with a +1 vampiric hand axe.
Casting: Foxfire (safe; 4% risk of failure)
Confirm with . or Enter, or press ? or * to list all spells.
You conjure some foxfire!
The giant cockroach barely misses you.
The orc priest mumbles some strange prayers to Beogh against you.
Pain shoots through your body!
You closely miss the orc priest.
The foxfire hits the giant cockroach but does no damage.
The foxfire hits the giant cockroach.
The giant cockroach is moderately wounded.
The giant cockroach barely misses you.
You closely miss the orc priest.
Your tail-slap misses the orc priest.
The giant cockroach bites you but does no damage.
The orc priest calls down the wrath of Beogh upon you.
Pain shoots through your body!
* * * LOW HITPOINT WARNING * * *
You hit the orc priest but do no damage.
The giant cockroach bites you.
* * * LOW HITPOINT WARNING * * *
The orc priest hits you with a +1 vampiric hand axe.
* * * LOW HITPOINT WARNING * * *
Casting: Foxfire (safe; 4% risk of failure)
Confirm with . or Enter, or press ? or * to list all spells.
You conjure some foxfire!
The giant cockroach bites you but does no damage.
The orc priest mumbles some strange prayers to Beogh against you.
Pain shoots through your body!
You die...

*,*<*,*,****
*****o#,,,,,,,,*
*,,,*,,,* *.#,,,,,,,,*
***,***** *.#*,****,**
,,,,* *.#*,* *,* *****
#####.#*,** *,*
***##########
#...o.#*,,* *,*
*,,.........#
#.#######.***,*
*,,.........#
#oB.......,,,,*
*,,.........#
#@)....##*,**,*
******,***#'#*
#vv....#,,,,,,* ,,,*
*,*
#.#####.....#.#*,*,*
**,* *,*
#.##...........*,*,*
*,* *,*
#.##.##..†..)..*,*,*
*,* *,*
#.##.##.##.....*,,,****
*,***,*
#.##.##.#*###..,,,,,,,,
*,,,,,* #.##.##)#
**#**,,**** ********
#.##.##)##### **,* *


You could see an orc priest (ally target) and a giant cockroach (ally target).

Vanquished Creatures
  An orc wizard (D:3)
  Terence (D:2)
  Robin (D:3)
  2 adders (D:2)
  A worm (D:2)
  2 dart slugs (D:2)
  An orc (D:3)
  3 ball pythons
  6 bats
  An endoplasm (D:1)
  A giant cockroach (D:1)
  10 goblins
  5 hobgoblins
  A quokka (D:3)
  A frilled lizard (D:1)
  8 kobolds
  4 rats
49 creatures vanquished.

Vanquished Creatures (others)
  96 foxfires
96 creatures vanquished.

Grand Total: 145 creatures vanquished

Notes
Turn   | Place    | Note
-------+----------+-------------------------------------------
     0 | D:1      | porpoise the Draconian Fire Elementalist began the quest
                  | for the Orb.
     0 | D:1      | Reached XP level 1. HP: 14/14 MP: 3/3
   335 | D:1      | Reached XP level 2. HP: 20/20 MP: 3/5
   416 | D:1      | Learned a level 2 spell: Scorch
   985 | D:1      | Found a faded altar of an unknown god.
  1112 | D:2      | Noticed Terence
  1344 | D:2      | Reached XP level 3. HP: 26/26 MP: 0/6
  1445 | D:2      | Killed Terence
  1615 | D:2      | Reached XP level 4. HP: 33/33 MP: 4/8
  1655 | D:2      | Learned a level 3 spell: Conjure Flame
  1986 | D:3      | Noticed Robin
  1991 | D:3      | Killed Robin
  2132 | D:3      | Reached skill level 4 in Fire Magic
  2137 | D:3      | Killed from afar by an orc priest

Illustrated notes

Levels and vault maps discovered:
D:1:      beargit_arrival_greenhouse, layout_loops_corners,
          basic_ecumenical_altar, minmay_misc_feat_rows, minmay_door_square
D:2:      layout_rooms, uniq_terence
D:3:      layout_basic, mainiacjoe_overflow_alcove_3, kennysheep_vampire_church,
          minmay_misc_feat_alley, uniq_jessica, uniq_robin,
          uniq_crazy_yiuf_cottage

Skill      XL: |  1  2  3  4 |
---------------+-------------+-----
Conjurations   | 2 |  2.8
Spellcasting   | 3 |  3.1
Fire Magic     | 4 |  4.0
Dodging        | |  1.7
Stealth        | |  1.7

Action                   |  1- 3 |  4- 6 || total
-------------------------+-------+-------++-------
Melee: Short sword       |     7 |     9 ||    16
       Dagger            |    16 |     7 ||    23
       Tailslap          |       |     2 ||     2
 Fire: Sling             |       |     7 ||     7
 Cast: Foxfire           |    42 |    18 ||    60
       Scorch            |     3 |     5 ||     8
  Use: Scroll            |       |     5 ||     5
Armor: Skin              |    12 |     6 ||    18
Dodge: Dodged            |    13 |    12 ||    25

Table legend: (Time is in decaauts)
 A = Elapsed time spent in this place.
 B = Non-inter-level travel time spent in this place.
 C = Inter-level travel time spent in this place.
 D = Time resting spent in this place.
 E = Time spent auto-exploring this place.
 F = Levels seen in this place.
 G = Mean time per level.
                   A        B        C        D        E       F      G
               +--------+--------+--------+--------+--------+-----+--------+
         Total |   2137 |   2115 |     22 |    524 |   1056 |   3 |  712.3 |
       Dungeon |   2137 |   2115 |     22 |    524 |   1056 |   3 |  712.3 |
               +--------+--------+--------+--------+--------+-----+--------+

Top non-repeatable levels by time:
     D:1: 1141 daAuts
     D:2: 782 daAuts
     D:3: 213 daAuts
